Unix NetHack Version 5.0.0-0 post-release - last build Jul 19 2026 19:10:59 (3aa4ab31751d3886436d94b585a96704892fd477,branch:main).

Game began 2026-07-30 13:04:04, ended 2026-07-30 20:25:58.

Anarchos, lawful female dwarven Valkyrie

                   -------
  --------         |.....-##   ------
  |......|         |..>..| E   |....|      -------
  |......|         |.....|#####+....|    ##......|
  |......|         -%-----#    |....|    # |.....|    -------------
  |.......#        ##     #     --.--    # |.....|    |......<....|
  |......|#        #      #       #     ## --+----    |...........|
  ---.----#        #      #       ##   ##    #       #.............##
     ###  ##       #    ###        #   #     #       #|...........| ####
       #   #       #    #          #  ##     #       #-----------|-    #
       #   ##     ##    #          #  #      #     ###           # #########
       #    ##    # #####        --+--#      ##   ##                   #---.-
       #     #    ###            |....#    ---.- ##                    #|...|
       ##    # #####             |...|     |...| #                     #|...|
        #    # # -|------        |`..|     |...| #                     #|^..|
 -------|-   ###|.......|        -|---     |...| #                     #|...|
 |........###%##...%....|         ^        |....##                     #-...|
 |.......|      |.......|                  -----                        -----
 ---------      ---- ----

Anarchos the Fighter        St:18 Dx:13 Co:20 In:7 Wi:13 Ch:10  Lawful
Dlvl:11 $:5400 HP:0(112) Pw:37(37) AC:-3 Xp:9 T:12522  Satiated Burdened

Latest messages:
 The air elemental hits!
 The air elemental misses!
 You hit the wraith!
 The air elemental misses!
 The wraith misses!
 The air elemental engulfs you!
 You are pummeled with debris!
 You are pummeled with debris!
 You are pummeled with debris!
 You are pummeled with debris!
 You are pummeled with debris!
 You hit the air elemental.
 You are pummeled with debris!
 You are pummeled with debris!
 You are pummeled with debris!
 You hit the air elemental.
 You are pummeled with debris!
 You are pummeled with debris!
 You are pummeled with debris!
 You hit the air elemental.
 You are pummeled with debris!
 You get expelled!
 The wraith just misses!
 The air elemental hits!
 The air elemental hits!
 The air elemental engulfs you!
 You are pummeled with debris!
 You are pummeled with debris!
 You get expelled!
 The air elemental hits!
 You miss the air elemental.
 The air elemental engulfs you!
 You are pummeled with debris!
 You are pummeled with debris!
 You are pummeled with debris!
 You hit the air elemental.
 You are pummeled with debris!
 You are pummeled with debris!
 You are pummeled with debris!
 You hit the air elemental.
 You are pummeled with debris!
 You are pummeled with debris!
 You are pummeled with debris!
 You are pummeled with debris!
 You are pummeled with debris!
 You are pummeled with debris!
 You die...
 Do you want your possessions identified? [ynq] (y) y
 Do you want to see your attributes? [ynq] (y) y
 Do you want an account of creatures vanquished? [ynaq] (y) q

Inventory:
 Coins    ('$')
  $ - 5400 gold pieces
 Weapons  (')')
  b - 3 +0 daggers (alternate weapons; not wielded)
  x - the +2 Sting (at the ready)
  V - a +0 long sword (weapon in right hand)
 Armor    ('[')
  Q - a blessed greased +2 orcish helm
  D - an uncursed greased +4 pair of iron shoes
  c - a blessed greased +3 small shield (being worn)
  E - an uncursed greased +3 elven cloak (being worn)
  A - an uncursed +0 mummy wrapping
  Z - a blessed +0 elven mithril-coat (being worn)
 Comestibles  ('%')
  j - 4 uncursed food rations
  m - an uncursed lizard corpse
 Scrolls  ('?')
  f - 2 uncursed scrolls of earth
  H - an uncursed scroll of remove curse
 Spellbooks  ('+')
  Y - an uncursed spellbook of create monster
  T - an uncursed spellbook of dig
  g - an uncursed spellbook of drain life
  B - a cursed spellbook of identify
  M - an uncursed spellbook of protection
  J - an uncursed spellbook of sleep
 Potions  ('!')
  z - an uncursed potion of confusion
  U - an uncursed potion of levitation
  S - 2 uncursed potions of object detection
  u - a cursed potion of object detection
  R - an uncursed potion of sleeping
  X - an uncursed potion of speed
  y - 2 uncursed potions of water
 Rings    ('=')
  C - a cursed ring of polymorph
  l - an uncursed ring of protection from shape changers (on left hand)
  v - an uncursed ring of slow digestion (on right hand)
  I - a cursed ring of teleportation named cursed
 Wands    ('/')
  a - a wand of cancellation (0:7)
  n - a wand of fire (0:5)
  W - a wand of light (0:14)
  p - a wand of lightning (0:7)
  N - a wand of opening (0:5)
  w - a cursed wand of slow monster (0:6)
  O - a wand of striking (0:2)
 Tools    ('(')
  o - a can of grease (0:5)
  s - an uncursed leash
  k - an uncursed lock pick
  q - a magic marker (0:82)
 Gems/Stones  ('*')
  L - an uncursed citrine stone
  r - an uncursed diamond
  h - 2 uncursed garnet stones
  d - an uncursed opal
  e - 2 uncursed worthless pieces of black glass
  P - an uncursed worthless piece of red glass
  i - an uncursed worthless piece of yellowish brown glass

Anarchos the Valkyrie's attributes:

Background:
 You were a Fighter, a level 9 dwarven Valkyrie.
 You were lawful, on a mission for Tyr
 who was opposed by Odin (neutral) and Loki (chaotic).
 You were right-handed.
 You were in the Dungeons of Doom, on level 11.
 You entered the dungeon 12522 turns ago.
 There was a full moon in effect when your adventure ended.
 You had 5064 experience points, 56 more were needed to attain level 10.

Basics:
 You had 0 out of 112 hit points.
 You had all 37 energy points (spell power).
 Your armor class was -3.
 Your wallet contained 5400 zorkmids.
 Autopickup was on for all types.

Final Characteristics:
 Your strength was 18 (limit:18/100).
 Your dexterity was 13 (limit:20).
 Your constitution was 20 (limit:20).
 Your intelligence was 7 (limit:16).
 Your wisdom was 13 (limit:16).
 Your charisma was 10 (limit:16).

Final Status:
 You were engulfed by the air elemental.
 You were satiated.
 You were burdened; movement was slightly slowed.
 You were wielding a long sword.
 You had basic skill with long sword.

Final Attributes:
 You were piously aligned.
 You were cold resistant.
 You were poison resistant.
 You saw invisible.
 You were telepathic.
 You had infravision.
 You were invisible to others.
 You were stealthy.
 You had slower digestion.
 You were guarded.
 Your spell casting was impaired by metallic armor.
 You were protected from shape changers.
 You were lucky.
 You are dead.

Miscellaneous:
 You didn't encounter any bones levels.
 Total elapsed playing time was 5 hours, 30 minutes and 10 seconds.

Major events:
 Turn
    1: Anarchos the lawful dwarven Valkyrie entered the dungeon
  526: attained the rank of Skirmisher (level 3)
 2900: attained the rank of Fighter (level 6)
 4259: entered the Gnomish Mines
 4828: chose an elven dagger to be named "Sting"
 6122: entered Sokoban
 6677: completed 1st Sokoban level
 6983: completed 2nd Sokoban level
 7280: completed 3rd Sokoban level
12522: killed by an air elemental

Spells:
 Name                 Level Category     Fail Retention
 drain life             2   attack       100%   26%-50%
 dig                    5   matter       100%   51%-75%

Skills:
 Fighting Skills
   bare handed combat [Unskilled]
   two weapon combat  [Unskilled]
   riding             [Unskilled]
 Weapon Skills
   dagger             [Skilled]
   axe                [Unskilled]
   pick-axe           [Unskilled]
   short sword        [Unskilled]
   broadsword         [Unskilled]
   long sword         [Basic]
   two-handed sword   [Unskilled]
   saber              [Unskilled]
   hammer             [Unskilled]
   quarterstaff       [Unskilled]
   polearms           [Unskilled]
   spear              [Expert]
   trident            [Unskilled]
   lance              [Unskilled]
   sling              [Unskilled]
 Spellcasting Skills
   attack spells      [Unskilled]
   escape spells      [Unskilled]

Voluntary challenges:
 Character rerolling was not enabled.
 You never genocided any monsters.
 You never polymorphed an object.
 You never changed form.
 You used no wishes.
 You did not violate any of the special Sokoban rules.
Achievements:
 You attained the rank of Skirmisher.
 You entered a shop.
 You attained the rank of Fighter.
 You entered the Gnomish Mines.
 You entered Sokoban.

 The Dungeons of Doom: levels 1 to 12
    Level 1:
       A fountain, a sink.
    Level 2:
       A fountain, a grave.
    Level 3:
       A general store, a fountain.
    Level 4:
       Stairs down to The Gnomish Mines.
    Level 5:
       Some altars.
    Level 6:
       A potion shop.
    Level 7:
       An altar.
    Level 8:
       A fountain, many trees.
    Level 9: "saddled pony"
       Many fountains.
    Level 10:
       Stairs up to Sokoban, level 9.
    Level 11: <- You were here.
       Final resting place for
          you, killed by an air elemental.
    Level 12:
 The Gnomish Mines: levels 5 to 6
    Level 5:
    Level 6:
 Sokoban: levels 9 up to 6
    Level 6:
       Unsolved.
    Level 7:
       Solved.
    Level 8:
       Solved.
    Level 9:
       Solved.


Vanquished creatures:
  a giant mimic
  2 stalkers
 an earth elemental
  4 small mimics
  a warhorse
  a xan
  2 quantum mechanics
  a gelatinous cube
  a freezing sphere
  a shocking sphere
  a tiger
  a gargoyle
  a tengu
  2 ochre jellies
  a mountain centaur
  a python
  a carnivorous ape
  a chameleon
  a giant beetle
  3 cockatrices
  2 wolves
  a winter wolf cub
  a lynx
  a panther
  a gremlin
  4 leprechauns
  2 iron piercers
  2 mumakil
  2 scorpions
 an ice vortex
  a black light
  2 vampire bats
  2 brown puddings
  2 rust monsters
 an owlbear
  a gold golem
  a werewolf
  3 Green-elves
  a lizard
  2 dogs
  a housecat
  a jaguar
  3 blue jellies
  4 dust vortices
  a raven
  2 gnome mummies
  4 apes
  4 human zombies
  2 Woodland-elves
  4 soldier ants
  a bugbear
  2 quasits
  a wood nymph
  2 Mordor orcs
  7 Uruk-hai
  2 orc shamans
 10 rock piercers
  4 fog clouds
  3 yellow lights
  a violet fungus
  3 gnome leaders
  a gnomish wizard
  2 kobold mummies
  3 elf zombies
  2 straw golems
  a paper golem
  4 giant ants
  a little dog
  2 floating eyes
  a kitten
  a dwarf
  a homunculus
  a kobold leader
 10 hill orcs
  6 rothes
  a centipede
  2 giant bats
  7 iguanas
  a coyote
  a gas spore
  a hobbit
  a manes
  2 large kobolds
  2 hobgoblins
  3 giant rats
  7 cave spiders
  a brown mold
  3 yellow molds
  a green mold
  a red mold
 13 gnomes
  a gnome zombie
  5 geckos
  8 jackals
  4 foxes
  2 kobolds
  5 grid bugs
  3 bats
  7 lichens
  2 kobold zombies
  3 newts
246 creatures vanquished.

No species were genocided or became extinct.

Game over:
                       ----------
                      /          \
                     /    REST    \
                    /      IN      \
                   /     PEACE      \
                  /                  \
                  |     Anarchos     |
                  |     5400 Au      |
                  | killed by an air |
                  |    elemental     |
                  |                  |
                  |                  |
                  |       2026       |
                 *|     *  *  *      | *
        _________)/\\_//(\/(/\)/\//\/|_)_______

Farvel Anarchos the Valkyrie...

You died in The Dungeons of Doom on dungeon level 11 with 25836 points,
and 5400 pieces of gold, after 12522 moves.
You were level 9 with a maximum of 112 hit points when you died.

